AoeStats
← WING123456

Arena

510308495Analyzed
4v4 RM · 2d ago on Sep 30, 2026· 68m 58s· 8 players
Game mode
Random Map
Map size
Large (8 player)
Population
200
Speed
Normal
Resources
Standard
Victory
Conquest
Starting age
Dark Age
Ending age
Imperial Age
RankedLock teamsTeams togetherTeam positionsShared explorationLock speedFull tech treeHidden civsTurbo modeCheats
Victory
Defeat
🇹🇼 Malians · Taiwan
1157
+15
🇨🇳 Japanese · China
1152
+15
🇹🇼 Saxons · Taiwan
1147
+15
🇹🇼 Italians · Taiwan
1105
+16
🇨🇭 Bohemians · Switzerland
1147
-16
🇸🇪 Gurjaras · Sweden
1120
-15
🇵🇪 Lithuanians · Peru
1119
-15
🇹🇼 Danes · Taiwan
1110
-15
hello are you ok
0:56 Loom
11:03 Feudal Age
15:00 Castle Age
13:31 Double-Bit Axe
13:54 Gold Mining
16:17 Gold Shaft Mining
17:11 Horse Collar
21:02 Imperial Age
19:28 Bow Saw
19:38 Scale Mail Armor
20:50 Chain Mail Armor
20:46 Forging
21:08 Squires
21:15 Arson
31:39 Town Watch
43:54 Iron Casting
52:25 Wheelbarrow
51:28 Pikeman
54:44 Plate Mail Armor
54:50 Iron Casting
54:38 Stone Mining
62:13 Caravan
63:26 Hand Cart
63:18 Fletching
69:07 Conscription
WING123456
11:06 Feudal Age
15:14 Castle Age
13:02 Double-Bit Axe
13:16 Horse Collar
14:12 Scale Mail Armor
14:56 Gold Mining
16:55 Gambesons
22:28 Forging
27:32 Wheelbarrow
29:18 Gold Shaft Mining
29:37 Bow Saw
32:14 Fletching
32:25 Padded Archer Armor
32:45 Loom
33:22 Hand Cart
33:56 Bodkin Arrow
34:16 Leather Archer Armor
35:16 Ballistics
38:14 Imperial Age
35:50 Heavy Plow
37:19 Yasama
37:17 Guard Tower
37:49 Thumb Ring
39:25 Parthian Tactics
40:03 Chemistry
39:07 Bracer
39:38 Ring Archer Armor
39:02 Stone Mining
39:42 Conscription
39:07 Pikeman
40:30 Halberdier
41:11 Squires
42:51 Keep
44:53 Iron Casting
44:34 Chain Mail Armor
49:07 Plate Mail Armor
49:37 Blast Furnace
48:26 Elite Skirmisher
50:16 Arson
68:57 Two-Man Saw
DinoBuddies
10:16 Feudal Age
15:11 Castle Age
13:24 Horse Collar
14:09 Double-Bit Axe
15:24 Gold Mining
18:19 Bow Saw
20:11 Loom
22:50 Wheelbarrow
23:59 Town Watch
24:31 Hand Cart
24:36 Stone Mining
25:22 Heavy Plow
26:17 Fletching
26:27 Padded Archer Armor
27:53 Thumb Ring
27:45 Bodkin Arrow
31:23 Imperial Age
29:20 Ballistics
30:56 Crossbowman
31:35 Bodkin Arrow
31:56 Leather Archer Armor
31:52 Arbalester
32:34 Bracer
32:47 Masonry
32:41 Town Patrol
34:30 Gold Shaft Mining
34:27 Crop Rotation
35:03 Two-Man Saw
35:00 Ring Archer Armor
35:54 Chemistry
35:25 Conscription
38:57 Forging
42:23 Squires
42:09 Gambesons
42:11 Arson
41:51 Elite Varangian Guard
43:07 Iron Casting
42:33 Scale Mail Armor
45:48 Chain Mail Armor
47:40 Shield Wall
54:17 Hoardings
59:42 Plate Mail Armor
58:33 Pikeman
58:37 Elite Skirmisher
59:33 Caravan
61:00 Halberdier
62:29 Scale Barding Armor
63:04 Siege Engineers
66:54 Onager
68:28 Chain Barding Armor
yam70018
11:13 Feudal Age
15:46 Castle Age
13:30 Horse Collar
13:37 Double-Bit Axe
16:35 Loom
17:46 Coinage
22:13 Heavy Plow
22:35 Bow Saw
25:53 Wheelbarrow
26:42 Loom
29:45 Town Watch
30:17 Hand Cart
30:07 Gold Mining
30:07 Stone Mining
34:57 Caravan
37:01 Silk Road
42:24 Padded Archer Armor
42:18 Fletching
42:48 Fortified Wall
45:34 Imperial Age
43:29 Leather Archer Armor
43:37 Masonry
44:11 Ballistics
43:55 Treadmill Crane
44:25 Bodkin Arrow
45:35 Stone Shaft Mining
45:00 Murder Holes
46:38 Bracer
47:46 Chemistry
47:54 Architecture
48:05 Conscription
48:27 Banking
48:51 Ring Archer Armor
48:26 Elite Genoese Crossbowman
52:11 Hoardings
52:31 Arson
52:46 Squires
52:48 Scale Mail Armor
52:58 Forging
53:46 Chain Mail Armor
54:20 Bombard Tower
55:06 Plate Mail Armor
55:11 Iron Casting
55:59 Town Patrol
58:12 Blast Furnace
64:02 Pikeman
DSLG | Shamer
11:04 Feudal Age
15:25 Castle Age
14:11 Double-Bit Axe
14:42 Loom
16:40 Bow Saw
28:27 Horse Collar
29:24 Wheelbarrow
29:09 Gold Mining
30:44 Husbandry
30:55 Bloodlines
30:55 Heavy Plow
32:19 Scale Barding Armor
31:39 Light Cavalry
32:42 Hand Cart
32:23 Town Watch
35:26 Imperial Age
34:15 Forging
34:26 Chain Barding Armor
34:12 Caravan
34:44 Fortified Wall
36:45 Iron Casting
36:34 Conscription
35:59 Cavalier
37:30 Plate Barding Armor
37:03 Fletching
37:13 Padded Archer Armor
37:14 Scale Mail Armor
36:55 Winged Hussar
38:09 Paladin
40:03 Bodkin Arrow
40:23 Leather Archer Armor
40:23 Chain Mail Armor
52:59 Elite Leitis
55:31 Bracer
56:02 Ring Archer Armor
55:47 Chain Mail Armor
56:48 Chemistry
57:55 Stone Mining
Redlocke
11:32 Feudal Age
12:53 Double-Bit Axe
15:49 Castle Age
14:14 Horse Collar
16:47 Bow Saw
17:40 Loom
19:53 Forging
20:54 Fletching
23:44 Iron Casting
25:12 Scale Mail Armor
25:15 Gold Mining
27:04 Town Watch
28:33 Fortified Wall
30:34 Ballistics
30:31 Chain Mail Armor
32:07 Wheelbarrow
35:52 Imperial Age
35:17 Hand Cart
35:13 Stone Mining
35:51 Kshatriyas
37:23 Plate Mail Armor
37:22 Conscription
37:17 Elite Chakram Thrower
38:34 Masonry
39:36 Bodkin Arrow
41:25 Chemistry
41:28 Architecture
44:20 Hoardings
43:48 Bracer
43:45 Murder Holes
48:16 Elite Skirmisher
49:22 Padded Archer Armor
50:40 Leather Archer Armor
50:38 Thumb Ring
53:00 Caravan
Asura
10:39 Feudal Age
14:44 Castle Age
13:46 Loom
13:48 Double-Bit Axe
19:28 Horse Collar
31:42 Scale Mail Armor
31:53 Fletching
32:55 Chain Mail Armor
38:17 Arson
44:28 Wheelbarrow
44:13 Hamask
50:09 Bodkin Arrow
50:33 Heavy Plow
51:45 Gambesons
52:01 Squires
54:59 Imperial Age
53:20 Forging
54:13 Masonry
54:24 Ballistics
55:52 Hand Cart
56:09 Elite Skirmisher
56:58 Bracer
58:12 Conscription
gempthetank
11:32 Feudal Age
15:18 Castle Age
13:25 Double-Bit Axe
13:39 Horse Collar
17:20 Bow Saw
21:09 Wheelbarrow
22:46 Fervor
22:52 Heavy Plow
24:00 Hand Cart
26:35 Chemistry
29:42 Imperial Age
27:04 Loom
31:06 Crossbowman
31:49 Fletching
32:00 Padded Archer Armor
31:33 Cavalier
32:15 Light Cavalry
34:26 Scale Barding Armor
34:33 Forging
34:19 Bodkin Arrow
35:35 Arbalester
40:22 Chain Barding Armor
Connection lost

Rejoining the realm…

Still unreachable

The connection could not be restored.

Session expired

The server has moved on; the page needs a fresh start.